 Dungeon Crawl Stone Soup version 0.27-a0-1202-ge72e49191c (webtiles) character file.

Game seed: 9100479388413613206

4 bande the Skirmisher (level 1, 0/14 HPs)
             Began as a Gargoyle Fighter on June 4, 2021.
             Slain by a frilled lizard (1 damage)
             ... on level 1 of the Dungeon.
             The game lasted 00:00:15 (49 turns).

bande the Skirmisher (Gargoyle Fighter)               Turns: 49, Time: 00:00:16

Health: 0/14       AC:  9    Str: 19    XL:     1   Next: 60%
Magic:  1/1        EV:  7    Int:  8    God:
Gold:   0          SH:  9    Dex:  9    Spells: 0/0 levels left

rFire    . . .     SeeInvis .   a - +0 war axe
rCold    . . .     Faith    .   c - +0 kite shield
rNeg     + . .     Spirit   .   b - +0 scale mail
rPois    ∞         Reflect  .   (no helmet)
rElec    +         Harm     .   (no cloak)
rCorr    .         Rampage  .   (no gloves)
Will     .....                  (no boots)
Stlth    ..........             (no amulet)
HPRegen  0.04/turn              (no ring)
MPRegen  0.07/turn              (no ring)

@: no status effects
A: sickness immunity, AC +2, negative energy resistance 1, electricity
resistance, torment resistance 1, petrification resistance
a: no special abilities


You were on level 1 of the Dungeon.
You visited 1 branch of the dungeon, and saw 1 of its levels.

Inventory:

Hand Weapons
 a - a +0 war axe (weapon)
Armour
 b - a +0 scale mail (worn)
 c - a +0 kite shield (worn)
Scrolls
 e - 2 scrolls of fear {unknown}
Potions
 d - a potion of might


   Skills:
 + Level 3.4 Fighting
 + Level 1.8 Axes
 + Level 3.3 Armour
 + Level 3.3 Shields


You couldn't memorise any spells.
You didn't know any spells.
Your spell library was empty.

Dungeon Overview and Level Annotations

Branches:
Dungeon (1/15)

Altars:


Innate Abilities, Weirdness & Mutations

You are immune to sickness and miasma.
Your stone body is resilient. (AC +2)
You are immune to poison.
You resist negative energy. (rN+)
You are resistant to electric shocks. (rElec)
You are resistant to unholy torment.
You are immune to petrification.


Message History

You miss the frilled lizard. You block the giant cockroach's attack.
A hobgoblin comes into view.
You block the frilled lizard's attack.
The giant cockroach bites you but does no damage.
The frilled lizard bites you but does no damage.
The giant cockroach bites you. The bat barely misses you.
You block the bat's attack. The bat hits you but does no damage. x2
You block the bat's attack. x2
The bat barely misses you.
You are too injured to fight recklessly!
You are too injured to fight recklessly!
You are too injured to fight recklessly!
You are too injured to fight recklessly!
You are too injured to fight recklessly!
You are too injured to fight recklessly!
You are too injured to fight recklessly!
You are too injured to fight recklessly!
You barely miss the bat. The bat hits you. The bat hits you but does no damage.
You miss the bat. You block the bat's attack.
The bat hits you but does no damage. The bat closely misses you.
You closely miss the bat. The bat hits you but does no damage.
You miss the bat. You barely miss the quokka. You block the bat's attack.
The quokka closely misses you. The bat hits you but does no damage.
The quokka closely misses you.
You slash the bat!
You kill the bat!
You hit the quokka. You block the bat's attack. You block the quokka's attack.
The quokka bites you.
You barely miss the frilled lizard. You hit the quokka but do no damage.
The quokka bites you.
* * * LOW HITPOINT WARNING * * *
You block the frilled lizard's attack. The quokka barely misses you.
The frilled lizard bites you but does no damage.
You barely miss the frilled lizard. You miss the quokka.
The quokka bites you but does no damage.
The frilled lizard bites you.
* * * LOW HITPOINT WARNING * * *
You block the quokka's attack. The frilled lizard bites you.
You die...

###########
#####.rw......#
...#@#.#>#.#.#####
...##.#l#†###.#......
#....Bg...#.....## #
#..#.#...###....##.#
###.##.#.###
###.....# .........##
#<..#### ....###..>##
#.#........ # ##.#.#
##>..###### #..##
##..#


You could see a dart slug, a quokka, a giant cockroach, a hobgoblin and a
frilled lizard.

Vanquished Creatures
  A kobold (D:1)
  A bat (D:1)
  3 rats (D:1)
5 creatures vanquished.

Notes
Turn   | Place    | Note
-------+----------+-------------------------------------------
     0 | D:1      | bande the Gargoyle Fighter began the quest for the Orb.
     0 | D:1      | Reached XP level 1. HP: 14/14 MP: 1/1
    49 | D:1      | Slain by a frilled lizard

Illustrated notes

Levels and vault maps discovered:
D:1:      onia_arrival_handbag, layout_loops_cross, serial_shops, shop,
          hellmonk_ecumenical_altar_run_dry, minivault_5

Action                   || total
-------------------------++-------
Melee: War axe           ||    19
Armor: Scale mail        ||    22
Dodge: Dodged            ||    12
Block: Kite shield       ||    15

Table legend: (Time is in decaauts)
 A = Elapsed time spent in this place.
 B = Non-inter-level travel time spent in this place.
 C = Inter-level travel time spent in this place.
 D = Time resting spent in this place.
 E = Time spent auto-exploring this place.
 F = Levels seen in this place.
 G = Mean time per level.
                   A        B        C        D        E       F      G
               +--------+--------+--------+--------+--------+-----+--------+
         Total |     60 |     60 |      0 |      0 |     16 |   1 |   60.0 |
       Dungeon |     60 |     60 |      0 |      0 |     16 |   1 |   60.0 |
               +--------+--------+--------+--------+--------+-----+--------+

Top non-repeatable levels by time:
     D:1: 60 daAuts
